 Dungeon Crawl Stone Soup version 0.21.0-22-g11d5b52 (webtiles) character file.

81 shenanigans the Skirmisher (level 4, 0/35 HPs)
             Began as a Barachi Warper on Jan 18, 2018.
             Was an Initiate of the Shining One.
             Slain by a gnoll
             ... wielding a +0 club
              (4 damage)
             ... on level 1 of the Dungeon.
             The game lasted 00:04:04 (1567 turns).

shenanigans the Skirmisher (Barachi Warper)         Turns: 1567, Time: 00:04:05

Health: 0/35       AC:  5    Str: 12    XL:     4   Next: 40%
Magic:  7/7        EV: 17    Int: 15    God:    the Shining One [......]
Gold:   61         SH:  0    Dex: 16    Spells: 7/7 levels left

rFire    . . .     SeeInvis +   a - +0 hand axe
rCold    . . .     Gourm    .   (no shield)
rNeg     . . .     Faith    .   i - +0 ring mail
rPois    .         Spirit   .   (no helmet)
rElec    .         Reflect  .   (no cloak)
rCorr    .         Harm     .   (no gloves)
MR       .....                  (no boots)
Stlth    +.........             (no amulet)
HPRegen  0.11/turn              k - ring of see invisible
MPRegen  0.10/turn              (no ring)

@: agile, flying, glowing, slow
A: +LOS, swims, slowness 1, strong legs 1
a: Hop, Renounce Religion


You were on level 1 of the Dungeon.
You worshipped the Shining One.
The Shining One was noncommittal.
You were not hungry.

You visited 1 branch of the dungeon, and saw 2 of its levels.

You collected 61 gold pieces.

Inventory:

Hand Weapons
 a - a +0 hand axe (weapon)
Missiles
 e - 5 tomahawks of dispersal (quivered)
Armour
 b - a +0 leather armour
 i - a +0 ring mail (worn)
Jewellery
 k - a ring of see invisible (left hand)
Scrolls
 d - a scroll of blinking
 g - 3 scrolls of remove curse {unknown}
 j - 2 scrolls of identify {unknown}
 l - a scroll of amnesia {unknown}
Potions
 n - a potion of resistance
Books
 c - a book of Spatial Translocations

   Spells                             Type                      Level
   a - Blink                          Translocation                2
   b - Shroud of Golubria             Charms/Translocation         2
   c - Lesser Beckoning               Translocation                3
   d - Gell's Gravitas                Translocation                3
   e - Teleport Other                 Translocation                3
   f - Passage of Golubria            Translocation                4
Comestibles
 f - 2 rations


   Skills:
 + Level 3.3 Fighting
 + Level 3.0 Axes
 - Level 1.0 Throwing
 + Level 2.4 Armour
 + Level 3.0 Dodging
 - Level 2.1 Spellcasting
   Level 3.2 Translocations
 + Level 0.9 Invocations


You had 7 spell levels left.
You didn't know any spells.

Dungeon Overview and Level Annotations

Branches:
Dungeon (2/15)

Altars:
Elyvilon
Zin
The Shining One


Innate Abilities, Weirdness & Mutations

Shadows flee at your approach. (+LOS)
You can swim through water.
You cover ground slowly.
You can hop short distances.


Message History

The gnoll completely misses you. The goblin misses you.
You hit the gnoll but do no damage.
The gnoll is moderately wounded.
The gnoll hits you but does no damage.
The goblin hits you from afar with an enchanted spear.
* * * LOW HITPOINT WARNING * * *
You closely miss the gnoll.
The gnoll is moderately wounded.
The gnoll hits you but does no damage. The goblin barely misses you.
The gnoll misses you.
The goblin hits you from afar with an enchanted spear.
* * * LOW HITPOINT WARNING * * *
It was a potion of flight.
You feel very buoyant.
You fly up into the air.
The goblin misses you.
Okay, then.
You barely miss the gnoll.
The gnoll is moderately wounded.
The gnoll hits you with a club.
You die...

## #............##.....# #..
.###### #.........##.##.#######.#
......# #######......##...#......
......# #######.........#)#.#.#..
......# #....†.......##.#...#.#..
......# #.#####.####..........##.
......###.##......#####.########.
...†......##...##.# #.....#....
.#####.#..##..lg@.#########......
.#.....#..##..g####..............
...#####..##...# #..............
.(.#......##...# #..............
......##...'...# #..........#...
...#..######...# #..........#.##
...#..# ###...# #.............#
...#..####.....# #####.####.####
.........#.##### #......# #


You could see a gnoll, a goblin and a frilled lizard.

Vanquished Creatures
  4 adders
  2 oozes
  A dart slug (D:2)
  A leopard gecko (D:1)
  6 bats
  7 hobgoblins
  A kobold (D:2)
  A quokka (D:2)
  3 frilled lizards
  4 goblins
  5 rats
35 creatures vanquished.

Notes
Turn   | Place    | Note
-------+----------+-------------------------------------------
     0 | D:1      | shenanigans the Barachi Warper began the quest for the Orb.
     0 | D:1      | Reached XP level 1. HP: 17/17 MP: 3/3
   220 | D:1      | Reached XP level 2. HP: 18/23 MP: 5/5
   633 | D:2      | Found a glowing silver altar of Zin.
   633 | D:2      | Found a white marble altar of Elyvilon.
   633 | D:2      | Found a glowing golden altar of the Shining One.
   644 | D:2      | Became a worshipper of the Shining One
   666 | D:2      | Reached XP level 3. HP: 26/28 MP: 6/6
   706 | D:2      | Found a faded altar of an unknown god.
   887 | D:2      | Reached XP level 4. HP: 13/35 MP: 7/7
  1567 | D:1      | Slain by a gnoll

Skill      XL: |  1  2  3  4 |
---------------+-------------+-----
Fighting       | 3 |  3.3
Armour         | 2 |  2.4
Axes           | 3 |  3.0
Dodging        | 3 |  3.0
Throwing       | |  1.0
Spellcasting   | |  2.1
Translocations | |  3.2
Invocations    | |  0.9

Action                   |  1- 3 |  4- 6 || total
-------------------------+-------+-------++-------
Melee: Hand axe          |    82 |    37 ||   119
  Use: Potion            |       |     2 ||     2
  Eat: Chunk             |       |     3 ||     3
Armor: Leather armour    |     7 |       ||     7
       Ring mail         |    43 |    18 ||    61
Dodge: Dodged            |    65 |    39 ||   104
